 Dungeon Crawl Stone Soup version 0.26.1-11-gd32895ea62 (webtiles) character file.

Game seed: 14821200415783210555

44 H0rd4k the Insei (level 3, 0/23 HPs)
             Began as an Octopode Transmuter on May 6, 2021.
             Slain by an adder (3 damage)
             ... on level 3 of the Dungeon.
             The game lasted 00:01:30 (2169 turns).

H0rd4k the Insei (Octopode Transmuter)              Turns: 2169, Time: 00:01:31

Health: 0/23       AC:  1    Str:  9    XL:     3   Next: 60%
Magic:  6/6        EV: 13    Int: 16    God:
Gold:   214        SH:  0    Dex: 12    Spells: 2/6 levels left

rFire    . . .     SeeInvis .     - Unarmed
rCold    . . .     Faith    .   (no shield)
rNeg     . . .     Spirit   .   k - +0 hat {Will+}
rPois    .         Reflect  .   (no amulet)
rElec    .         Harm     .   c - ring of resist corrosion
rCorr    +         Rampage  .   (no ring)
Will     +....                  (no ring)
Stlth    ++........             (no ring)
HPRegen  0.07/turn              (no ring)
MPRegen  0.10/turn              (no ring)
                                (no ring)
                                (no ring)

@: lethally poisoned (0 -> -6)
A: almost no armour, stealthy swim, amphibious, 8 rings, constrict 8, camouflage
1, gelatinous body 1
a: no special abilities


You were on level 3 of the Dungeon.
You visited 1 branch of the dungeon, and saw 3 of its levels.

You collected 214 gold pieces.

Inventory:

Armour
 k - a +0 hat of willpower (worn)
Jewellery
 c - a ring of resist corrosion (left tentacle)
 l - a cursed amulet of inaccuracy {unknown}
Scrolls
 b - 4 scrolls of identify {unknown}
 e - 4 scrolls of remove curse {unknown}
 h - 3 scrolls of enchant weapon {unknown}
 i - a scroll of fog {unknown}
 m - a scroll of random uselessness {unknown}
Potions
 a - a potion of degeneration {unknown}
 d - a potion of haste {unknown}
 f - a potion of lignification {unknown}
 g - a potion of attraction {unknown}
 j - a potion of resistance {unknown}
 n - a potion of brilliance {unknown}


   Skills:
 + Level 1.0 Fighting
 + Level 2.2 Dodging
 + Level 3.8 Unarmed Combat
 * Level 2.4 Spellcasting
 * Level 2.4 Transmutations
 * Level 0.2 Poison Magic


You had 2 spell levels left.
You knew the following spells:

 Your Spells              Type           Power        Failure   Level
a - Beastly Appendage     Tmut           18%          8%          1
b - Spider Form           Tmut/Pois      3%           34%         3

Your spell library contained the following spells:

 Spells                   Type           Power        Failure   Level
 Wereblood                Tmut           9%           11%         2
 Ice Form                 Ice/Tmut       5%           77%         4
 Blade Hands              Tmut           4%           90%         5


Dungeon Overview and Level Annotations

Branches:
Dungeon (3/15)

Altars:
Elyvilon
Kikubaaqudgha
Ru
Trog


Innate Abilities, Weirdness & Mutations

You cannot wear most types of armour.
You are very stealthy in the water. (Stealth+)
You are amphibious.
You can wear up to eight rings at the same time.
You can use your tentacles to constrict eight enemies at once.
Your skin changes colour to match your surroundings (Stealth+).
Your rubbery body absorbs attacks. (AC +1, EV +1)


Message History

You tentacle-slap the adder. Your grab misses the adder.
The adder is almost dead.
You feel sick. The adder completely misses you.
You tentacle-slap the adder but do no damage.
Your grab misses the adder.
The adder is almost dead.
You feel sick. The adder barely misses you.
You closely miss the adder. Your grab misses the adder.
The adder is almost dead.
The adder closely misses you. The adder bites you.
* * * LOW HITPOINT WARNING * * *
You closely miss the adder. Your grab misses the adder.
The adder is almost dead.
* * * LOW HITPOINT WARNING * * *
You feel sick. The adder bites you.
* * * LOW HITPOINT WARNING * * *
You miss the adder. You grab the adder.
The adder is almost dead.
You constrict the adder. The adder bites you.
You die...

#..........#.#...#
#..........#.....######
#..........##†........#
...........##..(......#
.8.........##...(.....#
8_8........##....(....#
.8........K##......)..#
.....#####S##.........#
.## #@##.........#
#.##.........#
#.###...###### #.#
#...# #.###...######.#
#..............#
#####...########
#####...####
............#


You could see an adder and a kobold.

Vanquished Creatures
  An ooze (D:1)
  A dart slug (D:2)
  A leopard gecko (D:1)
  2 giant cockroaches
  A goblin (D:1)
  9 hobgoblins
  A quokka (D:2)
  A ball python (D:1)
  4 bats
  3 frilled lizards
  7 kobolds
  5 rats
36 creatures vanquished.

Notes
Turn   | Place    | Note
-------+----------+-------------------------------------------
     0 | D:1      | H0rd4k the Octopode Transmuter began the quest for the Orb.
     0 | D:1      | Reached XP level 1. HP: 13/13 MP: 3/3
   263 | D:1      | Reached XP level 2. HP: 4/18 MP: 5/5
   967 | D:1      | Reached XP level 3. HP: 15/23 MP: 6/6
   971 | D:1      | Learned a level 3 spell: Spider Form
  1749 | D:2      | Found an ancient bone altar of Kikubaaqudgha.
  1749 | D:2      | Found a bloodstained altar of Trog.
  1756 | D:2      | Found a sacrificial altar of Ru.
  1758 | D:2      | Found a faded altar of an unknown god.
  1760 | D:2      | Found a white marble altar of Elyvilon.
  2156 | D:3      | Found a faded altar of an unknown god.
  2169 | D:3      | Slain by an adder

Illustrated notes

Levels and vault maps discovered:
D:1:      lemuel_arrival_river_ford, layout_rooms
D:2:      layout_basic, chequers_temple_overflow_minitemple
D:3:      layout_basic, chequers_ecumenical_altar_simple, minmay_cut_off

Action                   || total
-------------------------++-------
Melee: Unarmed           ||    91
       Constrict         ||    25
       Tentacles         ||    11
       Punch             ||     1
 Stab: Sleeping          ||     5
Armor: Skin              ||     7
Dodge: Dodged            ||    43
